Map: Bel'Shir Vestige LE (Void)

Players

RGG - Winner!

  • Race: Terran Terran
  • League: Diamond
  • Spawn Location: 11:00

Musumeci

  • Race: Zerg Zerg
  • League: Diamond
  • Spawn Location: 5:00

VOD

Have the link to the VOD?

Description

Time

  • Played on: Feb. 11, 2017, 3:36 p.m.
  • Length: 17:05
Show
View Real Time Build Order
Export as new Build Order

RGG Terran - Winner!

Build Orders: MMM Bio 

Get SALT Encoding   

  12  0:00  SCV  
  13  0:12  SCV  
  14  0:18  Supply Depot  
  14  0:25  SCV  
  15  0:39  SCV  
  15  0:40  Barracks  
  16  0:46  Refinery  
  16  0:51  SCV  
  17  1:03  SCV  
  18  1:20  SCV  
  18  1:25  Barracks  
  19  1:29  Bunker  
  19  1:31  Marine  
  20  1:36  Supply Depot  
  20  1:37  Orbital Command  
  20  1:49  Marine  
  21  1:59  Supply Depot  
  21  2:05  Barracks  
  21  2:06  Marine  
  21  2:07  SCV  
  23  2:12  Marine  
  24  2:18  Bunker  
  24  2:19  SCV  
  25  2:24  Marine  
  25  2:32  SCV  
  26  2:38  Marine  
  26  2:44  SCV  
  28  2:48  Marine  
  29  2:52  Marine  
  30  2:58  Marine  
  30  3:02  Barracks  
  31  3:06  Marine  
  32  3:14  Marine  
  34  3:22  Barracks Tech Lab  
  31  3:35  Marine  
  29  3:57  Command Center  
  29  4:00  Marine  
  29  4:02  Stimpack, Marine x2  
  30  4:03  Marine  
  33  4:18  Marine  
  33  4:20  Marine  
  36  4:28  SCV  
  36  4:39  Barracks Tech Lab  
  36  4:44  Barracks Reactor  
  36  4:52  Marine x2  
  36  4:58  SCV  
  39  5:09  Combat Shields  
  39  5:10  SCV, Marine  
  41  5:21  Refinery, Engineering Bay x2  
  41  5:22  Marine x2  
  41  5:23  Marine  
  43  5:29  SCV  
  43  5:30  Barracks Reactor  
  44  5:41  SCV  
  44  5:42  Orbital Command  
  45  5:53  SCV  
  46  5:57  Terran Infantry Weapons Level 1  
  46  5:59  Marine  
  46  6:03  Supply Depot  
  47  6:05  SCV  
  47  6:10  SCV  
  49  6:14  Terran Infantry Armor Level 1  
  49  6:21  Missile Turret  
  49  6:25  Missile Turret  
  49  6:26  SCV  
  50  6:33  SCV  
  50  6:35  Marauder  
  53  6:41  Factory  
  53  6:44  SCV  
  54  7:03  Supply Depot  
  54  7:04  SCV x2  
  54  7:06  Marauder x2  
  54  7:07  Marine x2  
  62  7:22  Concussive Shells  
  62  7:24  SCV x2  
  62  7:26  Supply Depot  
  64  7:32  Supply Depot  
  64  7:36  Starport  
  64  7:37  SCV x2  
  66  7:45  Marauder  
  66  7:46  Marauder  
  66  7:49  SCV  
  71  7:56  Supply Depot  
  71  7:59  SCV  
  71  8:01  SCV  
  71  8:02  Supply Depot  
  71  8:05  Armory  
  73  8:06  Marine  
  73  8:07  Marine  
  76  8:17  Marauder  
  76  8:19  Medivac  
  81  8:23  Medivac  
  81  8:24  Marine x4  
  81  8:25  SCV x2  
  87  8:30  Refinery  
  87  8:36  Supply Depot  
  87  8:37  SCV  
  87  8:38  SCV  
  89  8:41  Factory Tech Lab  
  89  8:46  Marine x5  
  94  8:49  Medivac  
  94  8:50  SCV x2  
  94  8:53  Refinery  
  98  9:03  Marine  
  98  9:04  Marine x2  
  101  9:13  Marine x2  
  101  9:14  Medivac  
  101  9:16  SCV x2  
  107  9:19  Medivac  
  107  9:21  Marine  
  110  9:25  Supply Depot  
  110  9:26  Supply Depot  
  110  9:29  Supply Depot  
  110  9:32  Terran Infantry Weapons Level 2  
  110  9:46  Marine  
  110  9:47  Marine x2  
  102  10:02  Marauder, Marine, Medivac x2  
  102  10:04  Marine x2  
  102  10:05  Marauder  
  102  10:06  SCV  
  114  10:10  Command Center  
  114  10:30  Terran Infantry Armor Level 2  
  114  10:32  Terran Ship Weapons Level 1  
  114  10:34  Medivac  
  118  10:35  Marine  
  118  10:36  Marauder, Marine x3  
  118  10:41  SCV x2, Supply Depot  
  99  11:08  Marauder x2, Marine x3  
  104  11:13  Medivac x2  
  108  11:26  Marine x3  
  108  11:29  Marauder x2  
  115  11:37  SCV x2  
  117  11:44  Marine x3  
  120  11:47  Barracks  
  120  11:49  SCV  
  120  11:51  Marauder x2  
  120  11:53  Terran Infantry Weapons Level 3  
  125  12:01  Marine  
  125  12:05  Marine x2  
  128  12:11  Marine  
  128  12:12  Marine  
  130  12:33  Marauder x2, Marine x4  
  138  12:50  Marine x2  
  138  12:51  Marine  
  133  12:54  Marauder  
  124  13:02  Marauder, Marine  
  126  13:12  Marine x3  
  129  13:15  Marauder  
  131  13:20  Marine  
  131  13:23  Marauder  
  134  13:29  Marine  
  134  13:30  Marine x2  
  137  13:35  Terran Infantry Armor Level 3  
  137  13:37  Marauder  
  137  13:40  SCV x2  
  141  13:49  Marine  
  141  13:50  Marauder, Marine  
  130  14:13  Marauder x2, Marine x4  
  138  14:18  Orbital Command  
  138  14:30  Marine  
  138  14:31  Marine x3  
  141  14:34  Marauder x2, Refinery  
  141  14:36  Factory Tech Lab  
  123  14:48  Marine x3  
  123  14:49  Marine  
  127  14:53  Barracks  
  127  14:54  Barracks  
  127  14:55  Marauder x2, Barracks  
  131  15:06  Marine  
  131  15:10  Medivac x2  
  131  15:17  Marauder x2  
  131  15:20  Marine x3  
  137  15:24  Marine  
  135  15:38  Marauder x2, Marine x3  
  135  15:42  Marine  
  143  15:50  Medivac x2  
  143  15:56  Marine x3  
  150  15:59  Marine  
  150  16:00  Marauder  
  150  16:02  Command Center  
  146  16:15  Marine x4  
  146  16:17  Marine  
  151  16:20  Marine  
  139  16:58  Supply Depot  
  139  17:00  Supply Depot  
Show
View Real Time Build Order
Export as new Build Order

Musumeci Zerg 

Build Orders: Pool First 

Get SALT Encoding   

  12  0:01  Drone  
  13  0:07  Drone  
  14  0:19  Drone, Extractor  
  15  0:22  Overlord  
  15  0:41  Spawning Pool  
  14  1:14  Hatchery  
  13  1:18  Drone  
  14  1:29  Zergling x4  
  14  1:31  Zergling x2  
  17  1:49  Zergling x2  
  18  1:55  Hatchery  
  18  1:57  Zergling x2  
  18  2:02  Zergling x2  
  19  2:14  Zergling x2  
  20  2:38  Zergling x4  
  24  2:49  Zergling x6  
  27  2:54  Zergling x2  
  28  3:03  Overlord  
  25  3:07  Queen, Zergling x2  
  25  3:13  Zergling x2  
  22  3:38  Hatchery  
  19  3:53  Drone  
  19  3:54  Queen, Drone x2  
  24  4:20  Drone x5  
  29  4:26  Drone  
  29  4:29  Drone  
  29  4:30  Drone x2  
  30  5:05  Drone  
  30  5:06  Drone x6  
  35  5:17  Overlord x2  
  35  5:27  Queen, Extractor  
  36  5:32  Extractor  
  36  5:33  Drone x2, Roach Warren  
  36  5:34  Queen  
  36  5:35  Overlord  
  38  6:06  Queen  
  40  6:17  Roach x5  
  50  6:23  Evolution Chamber  
  50  6:25  Drone x3, Evolution Chamber  
  50  6:28  Drone  
  52  6:37  Ravager  
  53  6:42  Overlord  
  53  6:53  Drone x7  
  60  6:58  Lair  
  60  7:05  Hatchery  
  59  7:15  Zerg Missile Weapons Level 1  
  59  7:17  Drone  
  59  7:18  Drone x3, Extractor  
  62  7:27  Spore Crawler  
  62  7:29  Spore Crawler  
  60  7:31  Spore Crawler  
  60  7:34  Spore Crawler  
  58  7:37  Zerg Ground Armor Level 1  
  58  7:40  Roach  
  58  7:43  Overlord  
  60  7:45  Overlord  
  60  7:47  Overlord  
  60  7:49  Overlord  
  60  7:55  Drone x4  
  60  7:57  Drone x2  
  60  7:58  Extractor  
  65  7:59  Drone  
  65  8:01  Glial Reconstitution  
  66  8:22  Drone  
  66  8:23  Drone x7  
  74  8:30  Ravager x4  
  74  8:31  Roach  
  80  8:47  Roach  
  80  8:48  Roach x6  
  94  9:08  Extractor  
  94  9:09  Extractor  
  94  9:10  Roach x7  
  106  9:37  Overlord  
  106  9:38  Overlord x4  
  92  9:53  Roach x4  
  91  10:00  Ravager x6  
  91  10:05  Roach x4  
  95  10:23  Drone x2  
  95  10:24  Drone x3  
  100  10:41  Hatchery  
  99  10:43  Hatchery, Roach  
  92  10:57  Roach x2  
  85  11:11  Roach x4  
  91  11:49  Overlord x6  
  91  11:55  Queen  
  91  11:57  Drone  
  91  11:58  Drone  
  95  12:07  Zerg Missile Weapons Level 2  
  95  12:08  Zerg Ground Armor Level 2  
  95  12:12  Infestation Pit, Extractor  
  95  12:13  Drone x3, Extractor  
  95  12:14  Drone x3  
  98  12:44  Roach x13  
  116  12:54  Roach x5  
  89  13:05  Queen  
  91  13:14  Roach x10  
  91  13:16  Ravager  
  91  13:17  Ravager x11  
  123  13:25  Hive  
  123  13:35  Roach x2  
  123  13:36  Roach x5  
  123  13:38  Drone  
  123  13:39  Drone x2  
  123  13:41  Drone  
  141  13:51  Roach  
  130  14:18  Drone  
  130  14:19  Drone x6  
  130  14:20  Drone  
  138  14:25  Hatchery  
  135  14:42  Roach  
  119  15:09  Roach x2  
  119  15:10  Roach  
  119  15:11  Ravager  
  113  15:15  Extractor  
  113  15:16  Extractor  
  113  15:17  Hatchery, Roach x5  
  113  15:18  Extractor  
  113  15:19  Extractor  
  92  15:26  Ravager x6  
  98  15:33  Ravager x3  
  89  15:41  Ravager x3  
  89  15:42  Roach  
  81  15:43  Roach x6  
  81  15:45  Ravager x2  
  87  15:54  Roach x5  
  87  15:55  Roach x4  
  103  16:03  Ravager  
  103  16:04  Ravager x3  
  106  16:08  Roach x2  
  85  16:15  Ravager  
  85  16:16  Ravager  
  79  16:19  Ravager x5  
  79  16:21  Roach  
  61  16:40  Ravager x2  
Tags
 
Composition
MMM Bio
Matchup
TvZ
Opening
Pool First
Replay Pack
replay pack
Spawn Locations
Cross Positions
Add a new tag
Caveats
  • Supply blocks, unpowered buildings, or Contaminate may cause inaccurate times.
  • Supply counts are checked every 10 seconds.